 Dungeon Crawl Stone Soup version 0.15-a0-1506-g1b030bc (webtiles) character file.

19410 Psiweapon the Transmogrifier (level 12, -11/97 HPs)
             Began as a Deep Dwarf Necromancer on June 15, 2014.
             Was a High Priest of Makhleb.
             Mangled by a wyvern (16 damage)
             ... on Level 5 of the Lair of Beasts.
             The game lasted 02:03:04 (13943 turns).

Psiweapon the Transmogrifier (DDNe)                Turns: 13943, Time: 02:03:04

HP -11/97        AC  8     Str 18      XL: 12   Next: 36%
MP  29/29        EV 12     Int 18      God: Makhleb [*****.]
Gold 1014        SH  3     Dex 11 (13) Spells:  7 memorised,  9 levels left

rFire  . . .     SeeInvis .     I - +3,+4 hand axe (distort)
rCold  + . .     Clarity  .     Y - +3 leather armour {rC+}
rNeg   . . .     rCorr    .     o - +0 buckler
rPois  .         rRot     .     (no helmet)
rElec  .         Spirit   .     Z - +0 cloak
SustAb .         Warding  .     (no gloves)
rMut   .         Stasis   .     M - +0 pair of boots
Gourm  +                        L - amulet of the gourmand
MR     +....                    U - +3 ring of strength
                                P - ring of wizardry

@: non-regenerating, somewhat resistant to hostile enchantments, fairly stealthy
A: damage resistance, recharge devices, sense surroundings 2, slow healing 3
a: Device Recharging, Minor Destruction, Lesser Servant of Makhleb, Major
Destruction, Greater Servant of Makhleb, Renounce Religion


You were on level 5 of the Lair of Beasts.
You worshipped Makhleb.
Makhleb was extremely pleased with you.
You were very full.

You visited 2 branches of the dungeon, and saw 15 of its levels.

You collected 1014 gold pieces.

Inventory:

Hand weapons
 I - a +3,+4 hand axe of distortion (weapon)
Missiles
 C - 17 tomahawks (quivered)
 E - 5 javelins
 N - 2 silver tomahawks
 S - 8 curare-tipped needles
Armour
 o - a +0 buckler (worn)
 M - a +0 pair of boots (worn)
 Y - a +3 leather armour of cold resistance (worn)
 Z - a +0 cloak (worn)
Magical devices
 a - a wand of lightning (2)
 b - a wand of draining (2)
 c - a wand of heal wounds (1)
 i - a wand of teleportation (4)
 j - a wand of flame (14)
 t - a wand of teleportation (0)
 B - a wand of disintegration (0)
 D - a wand of confusion (5)
 G - a wand of magic darts (13)
 R - a wand of polymorph (5)
 W - a wand of heal wounds (3)
Comestibles
 d - 6 bread rations
 h - 5 meat rations
 m - 43 fruits
 w - 6 slices of pizza
 F - a royal jelly
 T - a beef jerky
Scrolls
 e - 6 scrolls of remove curse
 f - 3 scrolls of fog
 k - 6 scrolls of teleportation
 l - 6 scrolls of immolation
 q - 4 scrolls of fear
 u - 3 scrolls of magic mapping
 Q - a scroll of summoning
Jewellery
 p - an uncursed ring of sustain abilities
 y - the ring of Ykifusuk {Dex-2 Int+3}
   (You found it on level 4 of the Lair of Beasts)

   [ring of dexterity]

   It affects your intelligence (+3).
   It affects your dexterity (-2).
 J - an uncursed ring of fire
 L - an amulet of the gourmand (around neck)
 P - a ring of wizardry (left hand)
 U - a +3 ring of strength (right hand)
 V - an uncursed ring of positive energy
Potions
 g - 4 potions of restore abilities
 n - 2 potions of lignification {unknown}
 r - 3 potions of poison {unknown}
 s - 2 potions of agility
 v - 2 potions of heal wounds
 x - 3 potions of haste {unknown}
 A - 2 potions of might
 H - 2 potions of curing {unknown}
 K - 2 potions of brilliance {unknown}
 O - a potion of mutation {unknown}
 X - 3 potions of cure mutation {unknown}


   Skills:
 - Level 3.1 Fighting
 - Level 3.5 Axes
   Level 0.6(1.4) Maces & Flails
 - Level 1.4 Throwing
 - Level 3.3 Armour
 - Level 5.4 Dodging
 - Level 4.7 Stealth
 - Level 1.4 Shields
 + Level 9.5 Spellcasting
 - Level 0.1 Hexes
 - Level 10.1 Necromancy
 + Level 11.5 Transmutations
 - Level 1.9 Evocations


You had 9 spell levels left.
You knew the following spells:

 Your Spells              Type           Power        Failure   Level  Hunger
a - Pain                  Necr           ####         1%          1    None
b - Vampiric Draining     Necr           #####.....   1%          3    None
c - Animate Skeleton      Necr           N/A          1%          1    None
d - Animate Dead          Necr           N/A          1%          4    ###....
e - Control Undead        Necr           #####.....   1%          4    ###....
f - Dragon Form           Trmt           #####.....   47%         7    #######
g - Corona                Hex            #......      4%          1    None


Dungeon Overview and Level Annotations

Branches:
Dungeon (10/15)            Temple (0/1) D:5             Orc (0/4) D:9
   Lair (5/8) D:10         Shoals (0/5) Lair:3
  Swamp: Lair:3-6     Snake: Lair:3-6    Spider: Lair:3-6

Altars:
Fedhas
Gozag
Makhleb
Qazlal
Trog
Yredelemnul

Portals:
Labyrinth: Lair:5

Annotations:
D:5 Grinder
Lair:3 Gastronok
Abyss:1 Eustachio


Innate Abilities, Weirdness & Mutations

You are resistant to damage.
You can recharge devices by infusing magical energy.
You passively map the area around you.
You do not heal naturally.


Message History

You block the wyvern's attack. The wyvern bites you.
The wyvern closely misses you. The wyvern bites you! x2
The wyvern bites you! You block the wyvern's attack.
Evoke which item? (* to show all) (? for menu, Esc to quit)
Zapping:
c - a wand of heal wounds (2)
Press: ? - help, Shift-Dir - straight line, f - you You feel much better.
This wand has 1 charge left.
The wyvern bites you but does no damage.
The wyvern bites you! x3
The komodo dragon bites you!!
* * * LOW HITPOINT WARNING * * *
There is a labyrinth entrance, spattered with blood here.
Beware, for starvation awaits!
The wyvern bites you!
* * * LOW HITPOINT WARNING * * *
The wyvern bites you.
* * * LOW HITPOINT WARNING * * *
The wyvern bites you!
You die...

######
#...P####
#..@....#
### ###***
#.DlD...#
#.####.##.*
#..Y.#.##
..##......*
#P.....##
>.#∩.....,*
#P......#
|.#*....#**
##......#
..##*...#
#....P..#
[..###..#
##......#
..+.##..###
##P....#


You could see an elephant, a komodo dragon and 2 wyverns.

Vanquished Creatures
  A hill giant (D:10)
  2 elephants (Lair:4)
  A black mamba (Lair:1)
  A mermaid (Lair:3)
  Maurice (D:8)
  2 gargoyles
  A komodo dragon (Lair:1)
  A spiny frog (Lair:3)
  An item mimic (Lair:4)
  2 fire drakes
  A troll (D:10)
  Prince Ribbit (Lair:3)
  2 basilisks
  6 blink frogs
  24 yaks
  3 sharks (Lair:3)
  A wyvern (D:8)
  4 hippogriffs
  A hungry ghost (D:7)
  7 wolves
  2 water moccasins
  7 porcupines
  A black bear (D:9)
  A phantom (D:6)
  4 ogres
  2 orc warriors
  5 crocodiles
  3 big kobolds
  8 giant frogs
  2 eyes of draining (D:4)
  A crimson imp (D:5)
  A goliath beetle (D:4)
  6 hounds
  The ghost of Gekot the Magician, a weakling DEWz (D:3)
  A centaur skeleton (D:5)
  A big fish (Lair:3)
  5 orc priests
  A jelly (D:6)
  A giant frog skeleton (D:5)
  3 iguanas
  2 orc wizards
  4 sheep
  Ijyb (D:4)
  2 gnolls
  11 adders
  21 green rats
  A giant mite (D:7)
  A shadow imp (D:6)
  A worm (D:2)
  An ooze (D:2)
  26 orcs
  A ball python (D:4)
  22 bats
  6 goblins
  11 hobgoblins
  5 jackals
  2 quokkas
  9 giant cockroaches
  5 giant geckos
  7 giant newts
  5 giant spores
  15 kobolds
  A kobold skeleton (D:7)
  A kobold zombie (D:6)
  An orc skeleton (D:7)
  11 rats
  6 ballistomycetes
  5 fungi
  A plant (D:10)
304 creatures vanquished.

Vanquished Creatures (collateral kills)
  2 hydras
  3 spiny frogs (Lair:2)
  2 komodo dragons
  4 blink frogs (Lair:2)
  3 yaks
  A hungry ghost (D:8)
  2 wolves (Lair:2)
  A human (D:6)
  Edmund (D:8)
  2 water moccasins
  An orc priest (D:8)
  2 porcupines (Lair:1)
  A sky beast (D:8)
  2 crocodiles
  A scorpion (D:9)
  A cyclops skeleton (D:8)
  A yak skeleton (D:7)
  A goliath beetle (D:8)
  2 hounds
  A jelly (D:5)
  A crimson imp (D:9)
  A centaur skeleton (D:4)
  An iguana (Lair:2)
  An orc wizard (D:8)
  A sheep (Lair:4)
  A worker ant zombie (D:8)
  3 green rats (Lair:2)
  6 adders
  A worm (D:3)
  An orc zombie (D:10)
  2 orcs
  3 bats
  A hobgoblin (D:9)
  A jackal (D:9)
  2 quokkas
  A goblin skeleton (D:6)
  A kobold zombie (D:6)
  A rat (D:8)
  3 ballistomycetes
  3 fungi
  2 plants
71 creatures vanquished.

Vanquished Creatures (others)
  Pikel (D:8)
  An elephant (Lair:4)
  2 yaks
  A black mamba skeleton (Lair:1)
  2 spiny frog skeletons
  An ice beast (D:8)
  4 blink frog skeletons
  4 slaves (D:8)
  A crocodile (Lair:4)
  A giant frog (D:7)
  2 komodo dragon skeletons
  A water moccasin skeleton (Lair:3)
  4 wolf skeletons
  5 yak skeletons
  A hound (D:9)
  2 orc wizards (D:7)
  A giant frog skeleton (Lair:2)
  An iguana (Lair:2)
  2 basilisk skeletons
  An orc priest (D:8)
  A worker ant (D:8)
  A black bear skeleton (D:9)
  2 porcupine skeletons (Lair:1)
  A sheep (D:8)
  3 crocodile skeletons
  2 hound skeletons
  A worker ant zombie (D:8)
  2 adders
  4 green rats
  A sheep zombie (D:8)
  An adder skeleton (D:3)
  An iguana skeleton (D:6)
  4 bat skeletons
  A giant gecko skeleton (D:4)
  2 giant newt skeletons
  A giant spore (D:8)
  3 hobgoblin skeletons
  2 kobold skeletons (D:4)
  6 orc skeletons
  6 fungi (D:10)
  5 plants
88 creatures vanquished.

Grand Total: 463 creatures vanquished

Notes
Turn   | Place    | Note
--------------------------------------------------------------
     0 | D:1      | Psiweapon, the Deep Dwarf Necromancer, began the quest for the Orb.
     0 | D:1      | Reached XP level 1. HP: 15/15 MP: 2/2
    77 | D:1      | Reached XP level 2. HP: 22/22 MP: 0/3
   424 | D:1      | Reached skill level 5 in Necromancy
  1161 | D:1      | Reached XP level 3. HP: 26/28 MP: 4/6
  1166 | D:1      | Learned a level 3 spell: Vampiric Draining
  1191 | D:1      | Learned a level 1 spell: Animate Skeleton
  2027 | D:2      | Reached XP level 4. HP: 30/36 MP: 0/8
  2150 | D:2      | Found a stormy altar of Qazlal.
  2772 | D:3      | Noticed Gekot's ghost (weakling DEWz)
  2778 | D:3      | Killed Gekot's ghost
  2778 | D:3      | Reached XP level 5. HP: 30/42 MP: 10/10
  2860 | D:3      | Reached skill level 6 in Necromancy
  3266 | D:4      | Noticed Ijyb
  3284 | D:4      | Killed Ijyb
  3515 | D:4      | Reached XP level 6. HP: 31/49 MP: 5/13
  3725 | D:4      | Noticed Eustachio
  3736 | D:4      | Banished Eustachio
  3736 | D:4      | Reached skill level 1 in Armour
  3736 | D:4      | Reached skill level 1 in Evocations
  3742 | D:4      | Learned a level 4 spell: Animate Dead
  3747 | D:4      | Learned a level 4 spell: Control Undead
  3887 | D:4      | Found a bloodstained altar of Trog.
  3901 | D:4      | Reached XP level 7. HP: 45/56 MP: 1/17
  4208 | D:4      | Found a burning altar of Makhleb.
  4208 | D:4      | Noticed a blizzard demon
  4211 | D:4      | Noticed a smoke demon
  4211 | D:4      | Noticed a neqoxec
  4213 | D:4      | Became a worshipper of Makhleb the Destroyer
  4428 | D:5      | Entered Level 5 of the Dungeon
  4489 | D:5      | Reached skill level 1 in Fighting
  4509 | D:5      | Learned a level 1 spell: Shock
  4622 | D:5      | Found a staircase to the Ecumenical Temple.
  4640 | D:5      | Reached skill level 7 in Necromancy
  4995 | D:5      | Noticed Grinder
  5196 | D:6      | Reached XP level 8. HP: 44/66 MP: 13/19
  5437 | D:6      | Acquired Makhleb's first power
  5470 | D:6      | Reached skill level 1 in Axes
  5530 | D:6      | Reached skill level 5 in Spellcasting
  5673 | D:6      | Noticed a human
  5675 | D:6      | Found a basalt altar of Yredelemnul.
  5706 | D:6      | Killed a human
  6063 | D:6      | Reached skill level 1 in Throwing
  6128 | D:7      | Got a twitching brass amulet
  6173 | D:7      | Identified the amulet "Apheulah" {Spirit -Cast rN+ MR++} (You found it on level 7 of the Dungeon)
  6734 | D:7      | Acquired Makhleb's second power
  6734 | D:7      | Reached skill level 8 in Necromancy
  6808 | D:8      | Gained mutation: You passively map the area around you. [level up]
  6808 | D:8      | Reached XP level 9. HP: 74/74 MP: 9/22
  6877 | D:8      | Noticed Pikel
  6890 | D:8      | Noticed Maurice
  6893 | D:8      | Killed Pikel
  7102 | D:8      | Noticed a three-headed hydra
  7115 | D:8      | Killed a three-headed hydra
  7115 | D:8      | Reached skill level 9 in Necromancy
  7224 | D:8      | Killed Maurice
  7285 | D:9      | Reached skill level 5 in Dodging
  7381 | D:9      | Found a staircase to the Orcish Mines.
  7593 | D:8      | Reached XP level 10. HP: 81/84 MP: 22/25
  7688 | D:8      | Learned a level 1 spell: Corona
  7696 | D:8      | Noticed Edmund
  7706 | D:8      | Killed Edmund
  7728 | D:8      | Reached skill level 10 in Necromancy
  7902 | D:8      | Reached skill level 1 in Shields
  8512 | D:9      | Noticed a gargoyle
  8527 | D:9      | Killed a gargoyle
  8543 | D:9      | Found an opulent altar of Gozag.
  8544 | D:9      | Found a blossoming altar of Fedhas.
  8800 | D:10     | Entered Level 10 of the Dungeon
  8832 | D:10     | Learned a level 7 spell: Dragon Form
  9107 | D:10     | Noticed a hill giant
  9118 | D:10     | Killed a hill giant
  9170 | D:10     | Acquired Makhleb's third power
  9190 | D:10     | Found a staircase to the Lair.
  9253 | Lair:1   | Entered Level 1 of the Lair of Beasts
  9695 | Lair:1   | Reached skill level 5 in Transmutations
  9745 | Lair:1   | Noticed a black mamba
  9769 | Lair:1   | Killed a black mamba
 10196 | Lair:1   | Reached XP level 11. HP: 90/90 MP: 22/27
 10512 | Lair:2   | Noticed a seven-headed hydra
 10851 | Lair:2   | Acquired Makhleb's fourth power
 11203 | Lair:2   | Killed a seven-headed hydra
 11246 | Lair:2   | Reached skill level 10 in Transmutations
 11502 | Lair:2   | Acquired Makhleb's fifth power
 12160 | Lair:3   | Noticed Prince Ribbit
 12169 | Lair:3   | Killed Prince Ribbit
 12169 | Lair:3   | Reached XP level 12. HP: 78/97 MP: 14/29
 12569 | Lair:3   | Noticed a six-headed hydra
 12699 | Lair:3   | Reached skill level 11 in Transmutations
 12753 | Lair:3   | Found a staircase to the Shoals.
 13044 | Lair:3   | Noticed Gastronok
 13378 | Lair:4   | Got a pitted lead ring
 13380 | Lair:4   | Identified the cursed ring of Ykifusuk {Dex-2 Int+3} (You found it on level 4 of the Lair of Beasts)
 13932 | Lair:5   | Found a labyrinth entrance.
 13943 | Lair:5   | Mangled by a wyvern

Action                   |  1- 3 |  4- 6 |  7- 9 | 10-12 || total
-------------------------+-------+-------+-------+-------++-------
Melee: Whip              |    38 |     7 |       |       ||    45
       Mace              |     2 |       |       |       ||     2
       Flail             |       |    42 |       |       ||    42
       Hand axe          |       |    20 |   171 |   420 ||   611
Throw: Tomahawk          |       |     1 |     9 |    12 ||    22
       Javelin           |       |       |    12 |       ||    12
 Cast: Pain              |    53 |    71 |    33 |    61 ||   218
       Vampiric Draining |     8 |    14 |    62 |   155 ||   239
       Animate Skeleton  |     6 |    19 |    22 |    38 ||    85
       Control Undead    |       |       |     4 |       ||     4
       Animate Dead      |       |       |     1 |       ||     1
       Corona            |       |       |       |     5 ||     5
       Shock             |       |       |       |     1 ||     1
Evoke: Wand              |       |    11 |     2 |    34 ||    47
  Use: Scroll            |       |       |    11 |    19 ||    30
       Potion            |       |       |     3 |       ||     3
 Stab: Sleeping          |       |     2 |     6 |     7 ||    15
       Distracted        |       |     1 |     1 |       ||     2
